 Dungeon Crawl Stone Soup version 0.31-a0-256-g80acddb972 (webtiles) character file.

Game seed: 13938399555420230056

180 qw the Shooter (level 5, -6/45 HPs)
             Began as a Minotaur Hexslinger on July 12, 2023.
             Mangled by Edmund
             ... wielding a +1 heavy dire flail
              (14 damage)
             ... on level 3 of the Dungeon.
             The game lasted 00:00:49 (1963 turns).

qw the Shooter (Minotaur Hexslinger)                Turns: 1963, Time: 00:00:49

Health: -6/45      AC:  3    Str: 10    XL:     5   Next: 33%
Magic:  5/5        EV: 12    Int:  7    God:
Gold:   171        SH:  0    Dex: 18    Spells: 5/6 levels left

rFire   . . .        Y - +1 sling
rCold   . . .        (no shield)
rNeg    . . .        d - +0 leather armour
rPois   .            (helmet restricted)
rElec   .            (no cloak)
rCorr   .            (no gloves)
SInv    .            (no boots)
Will    .....        (no amulet)
Stlth   +            (no ring)
HPRegen 0.27/turn    (no ring)
MPRegen 0.09/turn

%: clarity
@: no status effects
A: horns 2, retaliatory headbutt, agile 1, clarity, dopey 1, weak 1
a: no special abilities


You were on level 3 of the Dungeon.
You visited 1 branch of the dungeon, and saw 4 of its levels.

You collected 171 gold pieces.


Innate Abilities, Weirdness & Mutations

You have a pair of horns on your head.
You reflexively headbutt those who attack you in melee.
You are agile. (Dex +4, Str/Int -1)
You possess an exceptional clarity of mind.
You are dopey. (Int -2)
You are weak. (Str -2)


   Skills:
 - Level 3.3 Fighting
 + Level 5.4 Ranged Weapons
 - Level 2.1 Dodging
 - Level 1.0 Spellcasting
 - Level 2.0 Hexes


You had 5 spell levels left.
You knew the following spells:

 Your Spells              Type           Power      Damage    Failure   Level
a - Slow                  Hex            12%        N/A       26%         1

Your spell library contained the following spells:

 Spells                   Type           Power      Damage    Failure   Level
 Inner Flame              Hex/Fire       1%         N/A       75%         3
 Portal Projectile        Hex/Tloc       2%         N/A       75%         3
 Cause Fear               Hex            1%         N/A       94%         4

Inventory:

Hand Weapons
 Y - a +1 sling (weapon)
Armour
 d - a +0 leather armour (worn)
Scrolls
 a - a scroll of identify
Potions
 b - a potion of haste
 e - 2 potions of mutation
 h - a potion of heal wounds {unknown}

Dungeon Overview and Level Annotations

Branches:
Dungeon (4/15)
 Temple: D:4-7

Altars:
Nemelex Xobeh
Wu Jian

Annotations:
D:3 1 runed translucent door, Edmund; qw's ghost, amateur GrHs


Message History

What level of the Dungeon? (default 1, ? - help)
There is a stone staircase leading down here.
You climb downwards.
You hear the hiss of flowing sand.
There is an entrance to an ossuary on this level.
Hurry and find it before the portal is buried!
Found a short sword.
There is a stone staircase leading up here.
Edmund is nearby!
Waypoint 3 assigned to D:4.
1953 ||| PLANNING OSSUARY You shoot a sling bullet.
The sling bullet closely misses Edmund.
You shoot a sling bullet.
The sling bullet hits Edmund but does no damage.
You shoot a sling bullet.
The sling bullet hits Edmund but does no damage.
You shoot a sling bullet. The sling bullet barely misses Edmund.
Edmund barely misses you.
You shoot a sling bullet. The sling bullet hits Edmund.
Edmund is lightly wounded.
Edmund hits you with a +1 heavy dire flail!
1958 ||| STAIRDANCE You climb upwards.
Level annotation: 1 runed translucent door, qw's ghost, amateur GrHs
There is a stone staircase leading down here.
You shoot a sling bullet. The sling bullet hits Edmund.
Edmund is lightly wounded.
Edmund barely misses you.
You shoot a sling bullet. The sling bullet hits Edmund.
Edmund is lightly wounded.
Edmund barely misses you.
You shoot a sling bullet.
The sling bullet hits Edmund but does no damage.
Edmund is lightly wounded.
Edmund hits you with a +1 heavy dire flail!!
Ouch! That really hurt!
You shoot a sling bullet.
The sling bullet hits Edmund but does no damage.
Edmund is lightly wounded.
Edmund hits you with a +1 heavy dire flail!
You die...

......#..#.# #....## ####.##
##.#.¤¤....# #...## #####.##
....¤¤?....## #...# #.......
##.¤¤¤~~~¤..####...##### #.###.#.
##.¤¤~~¤~~¤............###.##....
##..~~_.~~¤...................#..
##..~~>8~~.#...........##........
###.~~~~~~.####......#####..####.
# #.~~~~~~.# #.@..#.# #....... #
#........# #@...#.# ##.##### #
#####.#### ##....#.# #.# ## #
##.# #.......# #.####. # #..#
#.......# #...... #########
#.##.##.#### ####... ....#
########.##.......### #.!# #.>.#
#........####.......# #..+ ....#
#.######.........)#.# #..#


You could see Edmund.

Vanquished Creatures
  A howler monkey (D:3)
  A hound (D:3)
  An orc wizard (D:3)
  3 adders
  A worm (D:3)
  A dart slug (D:3)
  3 orcs (D:3)
  5 ball pythons
  5 endoplasms
  A giant cockroach (D:2)
  6 goblins
  5 hobgoblins
  A jackal (D:2)
  3 kobolds
  2 quokkas
  10 bats
  2 frilled lizards
  5 rats
56 creatures vanquished.

Notes
Turn   | Place    | Note
-------+----------+-------------------------------------------
     0 | D:1      | qw the Minotaur Hexslinger began the quest for the Orb.
     0 | D:1      | Reached XP level 1. HP: 16/16 MP: 1/1
     0 | D:1      | 0 ||| qw: Version: 0.3-a-52-g30416fa
     0 | D:1      | 0 ||| qw: Game counter: 6743
     0 | D:1      | 0 ||| qw: Melee chars always use a shield: true
     0 | D:1      | 0 ||| qw: God list: Okawaru
     0 | D:1      | 0 ||| qw: Allow faded altars: false
     0 | D:1      | 0 ||| qw: Do Orc after clearing Dungeon:15 true
     0 | D:1      | 0 ||| qw: Do second Lair branch before Depths: true
     0 | D:1      | 0 ||| qw: Lair rune preference: random
     0 | D:1      | 0 ||| qw: Goals: Normal
     0 | D:1      | 0 ||| PLANNING D:1-11
    91 | D:1      | Reached skill level 3 in Ranged Weapons
   150 | D:1      | Reached XP level 2. HP: 23/23 MP: 2/2
   464 | D:1      | 464 ||| READING 2 scrolls labelled WAR SITSIMMISM.
   465 | D:1      | 465 ||| READING scroll labelled KAUXOAQUU.
   466 | D:1      | 466 ||| DROPPING scroll of poison.
   618 | D:2      | Reached XP level 3. HP: 29/29 MP: 3/3
   806 | D:2      | Reached skill level 4 in Ranged Weapons
  1135 | D:2      | 1135 ||| READING scroll labelled HIRAOJU REKLYUPOG.
  1136 | D:2      | 1136 ||| READING scroll labelled BEMASHR ZOMADGHE.
  1137 | D:2      | 1137 ||| READING scroll labelled BEWEYB BISTAU.
  1172 | D:3      | Found an ornate altar of the Wu Jian Council.
  1213 | D:3      | Reached XP level 4. HP: 23/36 MP: 4/4
  1306 | D:3      | Reached skill level 5 in Ranged Weapons
  1406 | D:3      | Noticed qw's ghost (amateur GrHs)
  1409 | D:3      | Found a runed translucent door.
  1500 | D:3      | Reached skill level 3 in Fighting
  1500 | D:3      | Reached XP level 5. HP: 29/45 MP: 5/5
  1701 | D:3      | Found a faded altar of an unknown god.
  1889 | D:3      | Found a sparkling altar of Nemelex Xobeh.
  1915 | D:3      | 1915 ||| UPGRADING to +0 leather armour.
  1925 | D:3      | 1925 ||| DROPPING +0 robe.
  1926 | D:3      | 1926 ||| READING 2 scrolls labelled KYTHOS ICRUI.
  1927 | D:3      | 1927 ||| READING scroll labelled ROROT TODYME.
  1928 | D:3      | 1928 ||| DRINKING 3 emerald potions.
  1928 | D:3      | Gained mutation: You possess an exceptional clarity of
                  | mind. [potion of mutation]
  1928 | D:3      | Gained mutation: You are weak. (Str -2) [potion of
                  | mutation]
  1928 | D:3      | Gained mutation: You are dopey. (Int -2) [potion of
                  | mutation]
  1928 | D:3      | Gained mutation: You are agile. (Dex +4, Str/Int -1)
                  | [potion of mutation]
  1929 | D:3      | 1929 ||| READING 3 scrolls of identify.
  1929 | D:3      | 1929 ||| IDENTIFYING fuming purple potion
  1930 | D:3      | 1930 ||| READING 2 scrolls of identify.
  1930 | D:3      | 1930 ||| IDENTIFYING sedimented sapphire potion
  1931 | D:3      | 1931 ||| DROPPING scroll of fear.
  1932 | D:3      | 1932 ||| DROPPING potion of magic.
  1952 | D:4      | Noticed Edmund
  1953 | D:4      | 1953 ||| PLANNING OSSUARY
  1958 | D:4      | 1958 ||| STAIRDANCE
  1962 | D:3      | HP: 8/45 [Edmund/+1 heavy dire flail (23)]
  1963 | D:3      | Mangled by Edmund

Levels and vault maps discovered:
D:1:      onia_arrival_pyramid, layout_rooms
D:2:      layout_basic, kennysheep_generic_room_2
D:3:      layout_loops_cross, nemelex_diamond_rough_becter,
          general_overflow_altar, ebering_ecumenical_altar_sacrificial,
          hellmonk_ghost_happy_afterlife, nicolae_elevator_lobby_plus
D:4:      layout_basic, gup_ossuary_entry_pyramid, uniq_edmund

Skill      XL: |  1  2  3  4 |
---------------+-------------+-----
Ranged Weapons | 3 4 5 |  5.4
Fighting       | 2 3 |  3.3
Dodging        | |  2.1
Spellcasting   | |  1.0
Hexes          | |  2.0

Action                     |  1- 3 |  4- 6 || total
---------------------------+-------+-------++-------
   Fire: Sling             |   104 |    64 ||   168
    Use: Scroll            |     5 |     4 ||     9
         Potion            |       |     1 ||     1
 Armour: Robe              |     3 |     2 ||     5
  Dodge: Dodged            |    17 |    16 ||    33

Table legend:
 A = Non-vault XP
 B = Vault XP
 C = Vault XP percentage of total XP
 D = Non-vault monster count
 E = Vault monster count
 F = Vault count percentage of total count
                 A         B        C        D         E       F
            +---------+---------+-------+---------+---------+-------
      Total |     254 |       4 |   1.6 |      54 |       2 |   3.6
            +---------+---------+-------+---------+---------+-------
        D:1 |      33 |       0 |   0.0 |      21 |       0 |   0.0
        D:2 |      47 |       4 |   7.8 |      15 |       2 |  11.8
        D:3 |     174 |       0 |   0.0 |      18 |       0 |   0.0
            +---------+---------+-------+---------+---------+-------
